 Dungeon Crawl Stone Soup version 0.27-a0-1324-ge0d8e047f6 (webtiles) character file.

Game seed: 16935951779557186825

4627 kae the Severer (level 10, -4/94 HPs)
             Began as a Hill Orc Fighter on June 23, 2021.
             Succumbed to a hornet's poison
             ... on level 9 of the Dungeon on June 24, 2021.
             The game lasted 00:05:59 (9201 turns).

kae the Severer (Hill Orc Fighter)                  Turns: 9201, Time: 00:05:59

Health: -4/94      AC: 12    Str: 23    XL:     10   Next: 42%
Magic:  10/10      EV:  4    Int:  8    God:
Gold:   427        SH: 10    Dex: 16    Spells: 9/9 levels left

rFire    . . .     SeeInvis .   n - +4 broad axe (freeze)
rCold    . . .     Faith    .   c - +0 kite shield
rNeg     + . .     Spirit   .   k - +0 plate armour
rPois    .         Reflect  .   (no helmet)
rElec    .         Harm     .   (no cloak)
rCorr    .         Rampage  .   z - +0 pair of gloves
Will     .....                  (no boots)
Stlth    ..........             A - amulet of magic regeneration
HPRegen  0.25/turn              i - ring of positive energy
MPRegen  0.37/turn              x - +6 ring of dexterity

@: lethally poisoned (-4 -> -34), slowed, very slow
A: no striking features
a: no special abilities


You were on level 9 of the Dungeon.
You visited 1 branch of the dungeon, and saw 9 of its levels.
You also visited: Ossuary.

You collected 427 gold pieces.

Inventory:

Hand Weapons
 a - a +1 war axe
 n - a +4 broad axe of freezing (weapon)
Missiles
 f - 4 throwing nets (quivered)
Armour
 b - a +0 scale mail
 c - a +0 kite shield (worn)
 k - a +0 plate armour (worn)
 z - a +0 pair of gloves (worn)
Jewellery
 e - a +6 ring of intelligence
 i - a ring of positive energy (left hand)
 u - a ring of positive energy
 x - a +6 ring of dexterity (right hand)
 A - an amulet of magic regeneration (around neck)
 G - a ring of magical power
Wands
 q - a wand of flame (42)
 r - a wand of acid (4)
 y - a wand of charming (10)
 E - a wand of polymorph (5)
Scrolls
 t - a scroll of summoning
 B - 3 scrolls of teleportation
 F - a scroll of enchant weapon
Potions
 d - a potion of might
 g - 2 potions of degeneration
 h - 5 potions of curing {unknown}
 j - 3 potions of mutation
 l - 4 potions of lignification {unknown}
 o - a potion of brilliance
 p - 3 potions of resistance
 s - a potion of attraction
 v - a potion of flight
 w - a potion of ambrosia
 C - a potion of invisibility
 D - a potion of heal wounds


   Skills:
 + Level 10.9 Fighting
 * Level 15.1 Axes
 - Level 3.2 Armour
 - Level 3.2 Shields


You had 9 spell levels left.
You didn't know any spells.
Your spell library contained the following spells:

 Spells                   Type           Power      Damage    Failure   Level
 Foxfire                  Conj/Fire      0%         2x1d4     100%        1
 Magic Dart               Conj           0%         1d3       100%        1
 Blink                    Tloc           N/A        N/A       100%        2
 Call Imp                 Summ           0%         N/A       100%        2
 Slow                     Hex            0%         N/A       100%        2
 Conjure Flame            Conj/Fire      0%         6-21      100%        3
 Inner Flame              Hex/Fire       0%         N/A       100%        3
 Mephitic Cloud           Conj/Pois/Air  0%         N/A       100%        3
 Sticky Flame             Conj/Fire      0%         2d3       100%        4
 Fireball                 Conj/Fire      0%         3d3       100%        5


Dungeon Overview and Level Annotations

Branches:
Dungeon (9/15)             Temple (0/1) D:5         Ossuary (visited)
   Lair: D:8-11         Orc: D:9-12

Altars:
Makhleb
Vehumet
The Shining One

Shops:
D:3 :   D:4 [


Message History

You can move again.
You are too injured to fight recklessly!
You miss the hornet.
The hornet is heavily wounded.
You feel sick.
You are no longer poisoned.
You block the hornet's attack. x2; The hornet stings you.
You are poisoned.
You feel as though you will be slow longer.
You slash the hornet! You freeze the hornet.
The hornet is almost dead.
You feel very sick.
The hornet stings you but does no damage.
The hornet stings you.
* * * LOW HITPOINT WARNING * * *
You are more poisoned.
You shrug off the repeated paralysis!
You hit the hornet but do no damage.
The hornet is almost dead.
You feel very sick. You block the hornet's attack. The hornet stings you.
* * * LOW HITPOINT WARNING * * *
You feel as though you will be slow longer.
You closely miss the hornet.
The hornet is almost dead.
You feel very sick. The hornet stings you.
* * * LOW HITPOINT WARNING * * *
You are lethally poisoned!
You feel as though you will be slow longer.
The hornet stings you.
* * * LOW HITPOINT WARNING * * *
You are more poisoned.
You feel as though you will be slow longer.
The hornet stings you.
* * * LOW HITPOINT WARNING * * *
You feel as though you will be slow longer.
You slice the hornet!! You freeze the hornet.
You kill the hornet!
You die...

.............#
...#########.#
...# #.# ...#
#.# ...#
#######.####
...#
...........# ##
...#
...........# ..
...#
..)........##.#
...#
...........@..#
...+
....>......####
...........#
.###########


There were no monsters in sight!

Vanquished Creatures
  Harold (D:8)
  Pikel (D:4)
  Grinder (D:3)
  A hornet (D:9)
  Sigmund (D:4)
  2 wraiths (Ossuary)
  4 steam dragons
  2 water moccasins
  An orc warrior (D:7)
  A sky beast (D:8)
  A hornet zombie (D:5)
  2 ogres
  2 centaurs (D:8)
  2 phantoms
  A lemure (D:4)
  2 kobold brigands
  A bullfrog (D:7)
  3 scorpions
  4 wights (Ossuary)
  2 howler monkeys
  A bullfrog zombie (D:6)
  2 centaur zombies
  3 jellies
  A bullfrog skeleton (D:6)
  5 hounds
  An orc priest (D:4)
  3 iguanas
  2 orc wizards
  A hound skeleton (D:5)
  3 gnolls (D:8)
  8 adders
  A white imp (D:6)
  An adder zombie (Ossuary)
  An adder skeleton (D:4)
  2 worms (D:2)
  2 dart slugs
  12 orcs
  8 ball pythons
  7 endoplasms
  5 giant cockroaches
  7 goblins
  8 hobgoblins
  8 jackals
  5 quokkas
  A ball python skeleton (Ossuary)
  5 bats
  A frilled lizard (D:3)
  A goblin zombie (D:4)
  2 hobgoblin skeletons (Ossuary)
  14 kobolds
  3 kobold zombies (Ossuary)
  2 rats
  A rat zombie (D:4)
162 creatures vanquished.

Vanquished Creatures (others)
  11 fungi (D:5)
  7 plants (D:4)
18 creatures vanquished.

Grand Total: 180 creatures vanquished

Notes
Turn   | Place    | Note
-------+----------+-------------------------------------------
     0 | D:1      | kae the Hill Orc Fighter began the quest for the Orb.
     0 | D:1      | Reached XP level 1. HP: 19/19 MP: 1/1
    38 | D:1      | Reached skill level 3 in Axes
   166 | D:1      | Reached XP level 2. HP: 27/27 MP: 2/2
   423 | D:1      | Found a faded altar of an unknown god.
  1133 | D:2      | Reached skill level 4 in Axes
  1133 | D:2      | Reached XP level 3. HP: 24/33 MP: 3/3
  1704 | D:2      | Reached XP level 4. HP: 29/41 MP: 4/4
  1880 | D:2      | Reached skill level 5 in Axes
  2406 | D:3      | Found Jumefen's Book Shop.
  2460 | D:3      | Noticed Grinder
  2460 | D:3      | Paralysed by Grinder for 7 turns
  2476 | D:3      | Paralysed by Grinder for 2 turns
  2479 | D:3      | Killed Grinder
  2480 | D:3      | Reached skill level 5 in Fighting
  2480 | D:3      | Reached skill level 7 in Axes
  2480 | D:3      | Reached XP level 5. HP: 17/48 MP: 5/5
  2480 | D:3      | Reached XP level 6. HP: 20/56 MP: 6/6
  2851 | D:3      | Found a glowing golden altar of the Shining One.
  3189 | D:4      | Noticed Sigmund
  3340 | D:4      | Reached skill level 8 in Axes
  3340 | D:4      | Reached XP level 7. HP: 38/63 MP: 7/7
  3469 | D:4      | Found Olytar's Antique Armour Shop.
  3484 | D:4      | Killed Sigmund
  3518 | D:4      | Noticed Pikel
  3536 | D:4      | Killed Pikel
  3537 | D:4      | Reached skill level 10 in Axes
  3537 | D:4      | Reached XP level 8. HP: 19/73 MP: 8/8
  3539 | D:4      | Found a sand-covered staircase.
  3560 | Ossuary  | Entered an ossuary
  3945 | Ossuary  | Noticed a flying skull
  3945 | Ossuary  | Noticed a wraith
  3952 | Ossuary  | Noticed a flying skull
  3954 | Ossuary  | Noticed a flying skull
  3987 | Ossuary  | Noticed a flying skull
  3988 | Ossuary  | Noticed a wraith
  4007 | Ossuary  | Killed a wraith
  4008 | Ossuary  | Reached skill level 11 in Axes
  4275 | Ossuary  | Noticed a wraith
  4290 | Ossuary  | Killed a wraith
  4451 | Ossuary  | Identified a scroll of acquirement
  4451 | Ossuary  | Acquired a +4 broad axe of freezing
  4784 | D:4      | Reached XP level 9. HP: 56/82 MP: 9/9
  5120 | D:5      | Entered Level 5 of the Dungeon
  5144 | D:5      | Reached skill level 12 in Axes
  5370 | D:5      | Found a staircase to the Ecumenical Temple.
  5856 | D:5      | Reached skill level 13 in Axes
  5911 | D:5      | Found a burning altar of Makhleb.
  7453 | D:7      | Reached skill level 10 in Fighting
  7454 | D:7      | Reached skill level 14 in Axes
  7467 | D:7      | Reached XP level 10. HP: 51/93 MP: 10/10
  8103 | D:8      | Noticed Harold
  8112 | D:8      | Killed Harold
  8268 | D:8      | Reached skill level 15 in Axes
  8577 | D:8      | Found a radiant altar of Vehumet.
  9194 | D:9      | Paralysed by a hornet for 3 turns
  9201 | D:9      | Succumbed to a hornet's poison

Illustrated notes

Levels and vault maps discovered:
D:1:      scummos_arrival_hexagon, layout_loops_ring,
          shapermc_ecumenical_altar_starsandcircs, kennysheep_minor_cross,
          grunt_decor_arrowhead, minmay_stone_trees_small,
          minmay_misc_feat_nine_boxes
D:2:      layout_basic
D:3:      layout_rooms, marbit_many_paths, serial_shops, shop,
          hangedman_glass_garden, grunt_ministairs_3, uniq_grinder
D:4:      layout_loops_cross, serial_shops, nicolae_shop_overgrown_old_shop,
          enter_ossuary_4, uniq_pikel, uniq_sigmund
D:5:      kennysheep_steamy, layout_rooms, kennysheep_little_box, temple_green,
          st_stairs_11, minmay_misc_feat_ornament,
          chequers_serial_rivers_micro_d, dk_noncrumbling_2
D:6:      layout_loops_ring
D:7:      layout_rooms
D:8:      layout_basic, old_standard_altar, uniq_harold
D:9:      dragon1_lemuel, layout_basic, minivault_24, uniq_maggie

Skill      XL: |  1  2  3  4  5  6  7  8  9 10 |
---------------+-------------------------------+-----
Axes           | 3 4 7 8 10 11 14 15 | 15.1
Fighting       | 4 5 6 7 8 10 | 10.9
Armour         | |  3.2
Shields        | |  3.2

Action                   |  1- 3 |  4- 6 |  7- 9 | 10-12 || total
-------------------------+-------+-------+-------+-------++-------
Melee: War axe           |    75 |   116 |   104 |       ||   295
       Broad axe         |       |       |   135 |    53 ||   188
Evoke: Wand              |       |       |     5 |     5 ||    10
  Use: Scroll            |     2 |     1 |    13 |     4 ||    20
       Potion            |       |       |     3 |       ||     3
 Stab: Paralysed         |       |       |     2 |     2 ||     4
Armor: Scale mail        |    36 |    10 |       |       ||    46
       Plate armour      |       |    63 |   115 |    25 ||   203
Dodge: Dodged            |    22 |    15 |    34 |     6 ||    77
Block: Kite shield       |    39 |    55 |    99 |    32 ||   225

Table legend: (Time is in decaauts)
 A = Elapsed time spent in this place.
 B = Non-inter-level travel time spent in this place.
 C = Inter-level travel time spent in this place.
 D = Time resting spent in this place.
 E = Time spent auto-exploring this place.
 F = Levels seen in this place.
 G = Mean time per level.
                   A        B        C        D        E       F      G
               +--------+--------+--------+--------+--------+-----+--------+
         Total |   9398 |   9109 |    289 |    486 |   7240 |  10 |  939.8 |
       Dungeon |   8401 |   8112 |    289 |    196 |   6707 |   9 |  933.4 |
       Ossuary |    997 |    997 |      0 |    289 |    533 |   1 |  997.0 |
               +--------+--------+--------+--------+--------+-----+--------+

Top non-repeatable levels by time:
     D:2: 1339 daAuts
     D:6: 1150 daAuts
     D:5: 1142 daAuts
     D:8: 1110 daAuts
     D:1: 1030 daAuts
     D:4: 1019 daAuts
 Ossuary: 997 daAuts
     D:3: 894 daAuts
     D:7: 669 daAuts
     D:9: 43 daAuts
